AoeStats
← ᅚᅚᅚᅚ

MegaRandom

509238198Analyzed
4v4 RM · 6d ago on Sep 26, 2026· 74m 41s· 8 players
Game mode
Random Map
Map size
Large (8 player)
Population
200
Speed
Normal
Resources
Standard
Victory
Conquest
Starting age
Dark Age
Ending age
Imperial Age
RankedLock teamsTeams togetherTeam positionsShared explorationLock speedFull tech treeHidden civsTurbo modeCheats
Victory
Defeat
🇵🇱 Portuguese · Poland
1331
+17
🇵🇪 Lithuanians · Peru
1285
+18
🇨🇱 Bulgarians · Chile
1270
+19
🇨🇱 Sicilians · Chile
1239
+20
🇲🇽 Mongols · Mexico
1429
-22
🇲🇽 Saracens · Mexico
1333
-18
🇲🇽 Danes · Mexico
1315
-18
🇨🇦 Japanese · Canada
1280
-16
theblademaster
6:50 Loom
9:28 Feudal Age
10:29 Double-Bit Axe
17:34 Wheelbarrow
20:45 Castle Age
21:27 Horse Collar
22:06 Hand Cart
22:05 Heavy Plow
23:34 Scale Barding Armor
25:10 Husbandry
26:10 Bloodlines
27:04 Bow Saw
27:22 Chain Barding Armor
27:50 Forging
28:51 Gold Mining
29:56 Iron Casting
32:05 Light Cavalry
33:00 Stone Mining
32:46 Pikeman
36:41 Scale Mail Armor
37:24 Squires
46:47 Imperial Age
47:20 Town Watch
47:59 Winged Hussar
50:39 Crop Rotation
51:40 Plate Barding Armor
57:46 Fletching
62:04 Conscription
68:13 Cavalier
73:43 Two-Man Saw
Pelantaro
5:07 Loom
11:16 Feudal Age
16:18 Double-Bit Axe
21:38 Fletching
26:40 Castle Age
31:07 Scale Mail Armor
32:05 Forging
31:17 Pikeman
36:27 Wheelbarrow
36:47 Bodkin Arrow
40:40 Imperial Age
39:18 Hand Cart
39:46 Town Watch
41:19 Iron Casting
40:51 Husbandry
41:16 Ballistics
41:50 Padded Archer Armor
43:32 Crossbowman
44:33 Halberdier
46:07 Horse Collar
46:42 Bow Saw
52:44 Murder Holes
52:57 Bracer
53:17 Squires
53:33 Arson
54:30 Sappers
55:22 Conscription
55:48 Light Cavalry
57:14 Leather Archer Armor
57:54 Bloodlines
58:27 Clinker Construction
61:13 Chemistry
61:30 Hoardings
61:26 Heavy Plow
62:07 Scale Barding Armor
63:29 Chain Mail Armor
64:15 Blast Furnace
66:56 Arrowslits
67:23 Masonry
71:32 Chain Barding Armor
73:19 Plate Mail Armor
antikiller247
4:08 Loom
12:10 Feudal Age
12:51 Double-Bit Axe
12:55 Horse Collar
17:07 Fletching
18:46 Padded Archer Armor
24:22 Castle Age
23:48 Wheelbarrow
23:56 Stone Mining
25:16 Pikeman
25:40 Elite Skirmisher
29:18 Bodkin Arrow
32:12 Leather Archer Armor
38:35 Ballistics
39:10 Bow Saw
39:14 Heavy Plow
44:24 Imperial Age
42:10 Gold Mining
42:04 Treadmill Crane
44:54 Bracer
45:24 Ring Archer Armor
48:31 Two-Man Saw
48:04 Town Watch
49:31 Scale Mail Armor
62:46 Medium Warships
64:18 Heavy Warships
67:40 Hand Cart
74:25 Chemistry
73:30 Siege Engineers
74:25 Crop Rotation
ᅚᅚᅚᅚ
9:42 Loom
11:49 Feudal Age
14:45 Double-Bit Axe
18:23 Wheelbarrow
21:51 Castle Age
20:17 Horse Collar
22:42 Bloodlines
24:58 Scale Barding Armor
25:04 Forging
30:34 Chain Barding Armor
31:28 Husbandry
33:52 Fletching
40:34 Bow Saw
40:25 Heavy Plow
41:24 Town Watch
41:32 Gold Mining
43:48 Iron Casting
46:18 Bodkin Arrow
48:13 Light Cavalry
51:36 Imperial Age
49:23 Hand Cart
54:47 Plate Barding Armor
53:53 Hussar
[GDL] saushino
7:22 Loom
9:50 Feudal Age
10:32 Double-Bit Axe
11:10 Horse Collar
22:15 Castle Age
21:41 Bloodlines
21:53 Scale Barding Armor
31:52 Bow Saw
34:36 Wheelbarrow
34:49 Town Watch
37:37 Pikeman
38:03 Arson
38:19 Squires
39:32 Forging
39:24 Husbandry
41:51 Scale Mail Armor
42:26 Iron Casting
42:37 Caravan
43:13 Chain Mail Armor
50:50 Hand Cart
60:53 Imperial Age
64:50 Fletching
65:30 Bodkin Arrow
[GDL] ZaelFox
5:31 Loom
10:32 Feudal Age
10:35 Man-at-Arms
12:37 Double-Bit Axe
21:38 Castle Age
22:47 Fletching
28:52 Bow Saw
29:02 Fishing Lines
33:49 Gillnets
36:22 Bodkin Arrow
40:08 Wheelbarrow
44:01 Imperial Age
41:21 Arson
41:38 Town Watch
44:00 Squires
46:48 Pikeman
51:15 Hand Cart
52:21 Capped Ram
56:16 Halberdier
70:36 Murder Holes
72:36 Bloodlines
72:26 Husbandry
[GDL] JIMENEZ203055
7:25 Loom
8:23 Loom
10:41 Feudal Age
11:15 Double-Bit Axe
21:59 Castle Age
20:47 Bloodlines
21:16 Scale Barding Armor
21:22 Forging
24:37 Chain Barding Armor
30:01 Husbandry
31:51 Iron Casting
35:02 Wheelbarrow
34:13 Town Watch
41:54 Imperial Age
40:07 Light Cavalry
44:26 Hand Cart
49:44 Horse Collar
53:56 Hussar
58:34 Capped Ram
60:52 Siege Ram
67:32 Blast Furnace
[GDL] RagnarokCo
5:10 Loom
12:44 Feudal Age
14:11 Double-Bit Axe
18:55 Fletching
20:29 Padded Archer Armor
22:10 Horse Collar
26:15 Castle Age
27:01 Bodkin Arrow
26:27 Crossbowman
29:18 Thumb Ring
29:31 Leather Archer Armor
34:57 Wheelbarrow
34:08 Town Watch
35:33 Bow Saw
35:24 Heavy Plow
35:15 Gold Mining
35:16 Stone Mining
39:33 Imperial Age
43:03 Town Watch
42:50 Arbalester
43:32 Bracer
44:03 Ring Archer Armor
49:15 Chemistry
48:36 Ballistics
50:58 Town Patrol
53:08 Two-Man Saw
56:33 Conscription
58:41 Hand Cart
60:19 Forging
60:09 Scale Mail Armor
62:11 Gold Shaft Mining
62:07 Murder Holes
70:06 Pikeman
Connection lost

Rejoining the realm…

Still unreachable

The connection could not be restored.

Session expired

The server has moved on; the page needs a fresh start.